 Dungeon Crawl Stone Soup version 0.31-a0-230-g09eb5fc4d3 (webtiles) character file.

Game seed: 501731633200836836

7 qw the Shooter (level 1, -6/16 HPs)
             Began as a Minotaur Hexslinger on July 6, 2023.
             Mangled by a kobold
             ... wielding a +0 dagger of distortion
              (16 damage)
             ... on level 2 of the Dungeon.
             The game lasted 00:00:09 (986 turns).

qw the Shooter (Minotaur Hexslinger)                 Turns: 986, Time: 00:00:10

Health: -6/16      AC:  6    Str: 12    XL:     1   Next: 83%
Magic:  1/1        EV: 10    Int: 10    God:
Gold:   77         SH:  0    Dex: 12    Spells: 1/2 levels left

rFire   . . .        Y - +1 sling
rCold   . . .        (no shield)
rNeg    . . .        g - +0 ring mail
rPois   .            (helmet restricted)
rElec   .            (no cloak)
rCorr   .            e - +0 pair of gloves
SInv    .            (no boots)
Will    .....        (no amulet)
Stlth   +            (no ring)
HPRegen 0.22/turn    (no ring)
MPRegen 0.07/turn

%: no passive effects
@: no status effects
A: horns 2, retaliatory headbutt
a: no special abilities


You were on level 2 of the Dungeon.
You visited 1 branch of the dungeon, and saw 2 of its levels.

You collected 77 gold pieces.


Innate Abilities, Weirdness & Mutations

You have a pair of horns on your head.
You reflexively headbutt those who attack you in melee.


   Skills:
 - Level 1.2 Fighting
 + Level 2.9 Ranged Weapons
 - Level 2.1 Dodging
 - Level 1.0 Spellcasting
 - Level 2.0 Hexes


You had one spell level left.
You knew the following spells:

 Your Spells              Type           Power      Damage    Failure   Level
a - Slow                  Hex            16%        N/A       34%         1

Your spell library contained the following spells:

 Spells                   Type           Power      Damage    Failure   Level
 Inner Flame              Hex/Fire       2%         N/A       83%         3
 Portal Projectile        Hex/Tloc       4%         N/A       83%         3
 Cause Fear               Hex            2%         N/A       98%         4

Inventory:

Hand Weapons
 Y - a +1 sling (weapon)
Armour
 a - a +0 pair of boots
 e - a +0 pair of gloves (worn)
 g - a +0 ring mail (worn)
Potions
 f - a potion of might {unknown}
 h - a potion of mutation {unknown}
 i - a potion of curing {unknown}
 j - a potion of cancellation {unknown}

Dungeon Overview and Level Annotations

Branches:
Dungeon (2/15)

Altars:
Zin


Message History

The sling bullet closely misses the frilled lizard.
The frilled lizard bites you but does no damage.
You shoot a sling bullet.
The sling bullet misses the frilled lizard.
The frilled lizard misses you. The frilled lizard closely misses you.
You shoot a sling bullet.
The sling bullet hits the frilled lizard.
You kill the frilled lizard!
You start resting.
HP restored.
You see here a frilled lizard corpse.
Found a flail.
Found an escape hatch in the floor.
Enter note: A kobold comes into view.
It is wielding a +0 dagger of distortion.
Found a sapphire potion.
The kobold shouts!
You see here 5 boomerangs.
Enter note: You shoot a sling bullet.
The sling bullet hits the kobold.
The kobold is moderately wounded.
You shoot a sling bullet.
The sling bullet closely misses the kobold.
You shoot a sling bullet.
The sling bullet barely misses the kobold.
You shoot a sling bullet.
The sling bullet closely misses the kobold.
The kobold completely misses you.
You shoot a sling bullet.
The sling bullet hits the kobold but does no damage.
The kobold is moderately wounded.
The kobold barely misses you.
You shoot a sling bullet.
The sling bullet closely misses the kobold.
The kobold hits you but does no damage. Space warps around you.
You shoot a sling bullet.
The sling bullet closely misses the kobold.
The kobold hits you with a +0 dagger of distortion.
Space warps horribly around you!
Ouch! That really hurt!
You die...

....).
...............
.......
#######.#######
....... #.#
.......## #.#
........########.#
.................#
.>........%#######
.........#.#
.......@.#.#
.......K.#.#
###......#..
#......###
#.$!...# #........
#.......#
#.....!.#


You could see a kobold.

Vanquished Creatures
  An orc (D:2)
  A kobold (D:2)
  A ball python (D:1)
  2 bats (D:1)
  A frilled lizard (D:2)
6 creatures vanquished.

Notes
Turn   | Place    | Note
-------+----------+-------------------------------------------
     0 | D:1      | qw the Minotaur Hexslinger began the quest for the Orb.
     0 | D:1      | Reached XP level 1. HP: 16/16 MP: 1/1
     0 | D:1      | 0 ||| qw: Version: 0.3-a-46-gb1f654a
     0 | D:1      | 0 ||| qw: Game counter: 1793
     0 | D:1      | 0 ||| qw: Melee chars always use a shield: true
     0 | D:1      | 0 ||| qw: God list: Okawaru
     0 | D:1      | 0 ||| qw: Allow faded altars: false
     0 | D:1      | 0 ||| qw: Do Orc after clearing Dungeon:15 true
     0 | D:1      | 0 ||| qw: Do second Lair branch before Depths: true
     0 | D:1      | 0 ||| qw: Lair rune preference: random
     0 | D:1      | 0 ||| qw: Goals: Normal
     0 | D:1      | 0 ||| PLANNING D:1-11
   235 | D:1      | Found a faded altar of an unknown god.
   702 | D:1      | 702 ||| UPGRADING to +0 pair of gloves.
   707 | D:1      | 707 ||| UPGRADING to +0 ring mail.
   717 | D:1      | 717 ||| DROPPING +0 robe.
   718 | D:1      | 718 ||| READING scroll labelled RAISOI AJUSES.
   719 | D:1      | 719 ||| DROPPING scroll of poison.
   904 | D:2      | Found a glowing silver altar of Zin.
   986 | D:2      | Mangled by a kobold

Levels and vault maps discovered:
D:1:      co_arrival_square_in_a_square_in_a_square, layout_loops_ring,
          dreamdust_ecumenical_altar_hidden_monk_grotto
D:2:      layout_basic, basic_altar, minmay_tetromino_t4

Action                     || total
---------------------------++-------
   Fire: Sling             ||    29
    Use: Scroll            ||     1
 Armour: Ring mail         ||     5
  Dodge: Dodged            ||    13

Table legend:
 A = Non-vault XP
 B = Vault XP
 C = Vault XP percentage of total XP
 D = Non-vault monster count
 E = Vault monster count
 F = Vault count percentage of total count
                 A         B        C        D         E       F
            +---------+---------+-------+---------+---------+-------
      Total |      10 |       0 |   0.0 |       6 |       0 |   0.0
            +---------+---------+-------+---------+---------+-------
        D:1 |       4 |       0 |   0.0 |       3 |       0 |   0.0
        D:2 |       6 |       0 |   0.0 |       3 |       0 |   0.0
            +---------+---------+-------+---------+---------+-------
